 Dungeon Crawl Stone Soup version 0.32-a0-675-gdc239d62e1 (console) character file.

Game seed: 9714979472318462036

76950 rumiru the Basher (level 15, -7/126 HPs)
             Began as a Human Wanderer on Mar 11, 2024.
             Was an Initiate of Gozag.
             Mangled by a slime creature (13 damage)
             ... on level 13 of the Dungeon.
             The game lasted 01:15:44 (32893 turns).

rumiru the Basher (Human Wanderer)                 Turns: 32893, Time: 01:15:45

Health: -7/126     AC: 33    Str: 14    XL:     15   Next: 55%
Magic:  16/16      EV: 18    Int: 12    God:    Gozag
Gold:   959        SH: 15    Dex: 17    Spells: 16/16 levels left

rFire   + + .        B - +2 morningstar (protect)
rCold   + + .        x - +0 kite shield {reflect}
rNeg    . . .        T - +0 fire dragon scales
rPois   +            w - +2 helmet {SInv}
rElec   .            O - +0 cloak
rCorr   .            v - +0 pair of gloves of Forking Paths {rPois rC+++ Will+ Str-2}
SInv    +            P - +0 pair of boots
Will    ++...        f - amulet of reflection Stlth
                     m - +5 ring of evasion
HPRegen 0.41/turn    n - +4 ring of protection
MPRegen 0.15/turn

%: reflection
@: under a protective aura
A: explore regen, iridescent scales 1
a: Renounce Religion, Potion Petition, Call Merchant, Bribe Branch


You were on level 13 of the Dungeon.
You worshipped Gozag.
Gozag was pleased with you.
You visited 3 branches of the dungeon, and saw 21 of its levels.

You collected 7349 gold pieces.
You spent 2387 gold pieces at shops.
You paid 4003 gold pieces to Gozag.

Inventory:

Hand Weapons
 B - a +2 morningstar of protection (weapon)
 Q - the +5 mace "Dragonbane" {flame, rCorr Int+3}
   (You found it on level 1 of the Lair of Beasts)

   Int+3:     It affects your intelligence (+3).
   rCorr:     It protects you from acid and corrosion.
Missiles
 b - 2 silver javelins
 g - 50 poisoned darts (quivered)
 J - 5 curare-tipped darts
Armour
 v - the +0 pair of gloves of Forking Paths (worn) {rPois rC+++ Will+ Str-2}
   (You bought it in a shop on level 4 of the Dungeon)

   Str-2:     It affects your strength (-2).
   rC+++:     It renders you almost immune to cold.
   rPois:     It protects you from poison.
   Will+:     It increases your willpower.
 w - a +2 helmet of see invisible (worn)
 x - a +0 kite shield of reflection (worn)
 O - a +0 cloak (worn)
 P - a +0 pair of boots (worn)
 T - +0 fire dragon scales (worn)
Jewellery
 e - an amulet of guardian spirit
 f - an amulet of reflection (around neck)
 m - a +5 ring of evasion (left hand)
 n - a +4 ring of protection (right hand)
 r - a ring of see invisible
 A - a ring of protection from fire
 F - a +4 ring of protection
 H - a +6 ring of dexterity
 K - a ring of positive energy
Wands
 c - a wand of flame (35)
 k - a wand of digging (4)
 l - a wand of paralysis (1)
 z - a wand of roots (7)
 I - a wand of polymorph (8)
 U - a wand of light (1)
Scrolls
 a - 2 scrolls of identify
 d - 3 scrolls of fear
 i - 7 scrolls of revelation
 j - a scroll of poison
 t - 2 scrolls of immolation
 u - 7 scrolls of noise
 y - 4 scrolls of fog
 G - 5 scrolls of teleportation
 L - a scroll of silence
 M - 3 scrolls of enchant armour
 R - 4 scrolls of torment
 S - a scroll of vulnerability
 V - a scroll of blinking
 W - 2 scrolls of enchant weapon
Potions
 h - 4 potions of attraction
 o - 3 potions of heal wounds
 p - 2 potions of enlightenment
 q - 2 potions of curing
 s - 3 potions of might
 C - 3 potions of mutation
 D - a potion of lignification {unknown}
 E - a potion of cancellation
 X - a potion of haste
 Y - 3 potions of magic
Miscellaneous
 N - a lightning rod (4/4)


   Skills:
 - Level 14.0 Fighting
 - Level 14.0 Maces & Flails
 - Level 1.0 Polearms
 - Level 6.0 Throwing
 + Level 11.8 Armour
 + Level 11.8 Dodging
 * Level 4.3 Shields
 - Level 1.0 Spellcasting
 - Level 8.0 Evocations


You had 16 spell levels left.
You didn't know any spells.
Your spell library contained the following spells:

 Spells                   Type           Power      Damage    Failure   Level
 Kiss of Death            Conj/Necr      0%         2d5       98%         1
 Magic Dart               Conj           0%         1d3       98%         1
 Necrotise                Necr           0%         1d4       98%         1
 Blink                    Tloc           0%         N/A       99%         2
 Call Imp                 Summ           0%         N/A       99%         2
 Lesser Beckoning         Tloc           0%         N/A       99%         2
 Momentum Strike          Conj/Tloc      0%         3d8       99%         2
 Confusing Touch          Hex            0%         N/A       100%        3
 Hailstorm                Conj/Ice       0%         3d5       100%        3
 Inner Flame              Hex/Fire       0%         N/A       100%        3
 Summon Ice Beast         Ice/Summ       0%         N/A       100%        3
 Vampiric Draining        Necr           0%         2d6       100%        3
 Volatile Blastmotes      Fire/Tloc      0%         2d10      100%        3
 Anguish                  Hex/Necr       0%         N/A       100%        4
 Cause Fear               Hex            0%         N/A       100%        4
 Dispel Undead            Necr           0%         3d6       100%        4
 Fulminant Prism          Conj/Alch      0%         3d5       100%        4
 Iskenderun's Mystic Bla  Conj/Tloc      0%         2d3       100%        4
 Martyr's Knell           Necr/Summ      0%         N/A       100%        4
 Curse of Agony           Necr           0%         N/A       100%        5
 Irradiate                Conj/Alch      0%         3d11      100%        5
 Iskenderun's Battlesphe  Conj           0%         2d6       100%        5
 Bombard                  Conj/Erth      0%         9d1       100%        6
 Sculpt Simulacrum        Ice/Alch       0%         N/A       100%        6
 Enfeeble                 Hex            0%         N/A       100%        7
 Spellforged Servitor     Conj/Summ      0%         N/A       100%        7
 Ignition                 Fire           0%         3d3       100%        8


Dungeon Overview and Level Annotations

Branches:
Dungeon (14/15)            Temple (0/1) D:5            Lair (5/5) D:9
  Swamp (0/4) Lair:3       Spider (0/4) Lair:2        Slime (0/5) Lair:4
    Orc (2/2) D:11            Elf (0/3) Orc:2        Vaults (0/5) D:13

Altars:
Ashenzari
Cheibriados
Elyvilon
Gozag
Hepliaklqana
Nemelex Xobeh
Trog
Uskayaw
Wu Jian
Xom
Yredelemnul
The Shining One
Beogh
Jiyva

Shops:
D:4 [   D:8 =   D:9 [*[   D:10 ?   D:11 (   D:14 :   Orc:1 ?   Orc:2 [([(*

Portals:
Abyss: Orc:1

Annotations:
D:3 3 runed translucent doors, justen's ghost, amateur CoAr
Lair:3 2 transporters, DeathSocks's ghost, journeyman DsGl
Orc:1 2 transporters, gimp's ghost, journeyman BaEE


Innate Abilities, Weirdness & Mutations

You regain HP and MP as you explore.
You are partially covered in iridescent scales. (AC +2)


Message History

The large slime creature attacks as it pursues you!
The large slime creature hits you!!
You barely miss the large slime creature.
The large slime creature is lightly wounded.
You block the large slime creature's attack.
The slime creature hits you but does no damage.
You hit the large slime creature.
Your weapon exudes an aura of protection.
The large slime creature is lightly wounded.
A large slime creature splits.
The slime creature misses you.
You bludgeon the slime creature!!
The slime creature is heavily wounded.
The slime creature hits you!
The very large slime creature hits you but does no damage.
The slime creature barely misses you. You block the slime creature's attack.
You hit the slime creature.
The slime creature is heavily wounded.
You thump the slime creature!
The slime creature is severely wounded.
The slime creature closely misses you.
The very large slime creature hits you!!!
The slime creature barely misses you.
The slime creature hits you but does no damage.
You are too injured to fight recklessly!
You are too injured to fight recklessly!
You are too injured to fight recklessly!
You puncture the very large slime creature!
The very large slime creature is lightly wounded.
The slime creature misses you.
You block the very large slime creature's attack.
The slime creature hits you but does no damage.
The slime creature hits you.
You impale the very large slime creature!!
The very large slime creature is moderately wounded.
The slime creature hits you!
The very large slime creature hits you!!!
* * * LOW HITPOINT WARNING * * *
The slime creature hits you!
You die...
Your body crumbles into a pile of gold.

##.#...........#.#.......#
##.##.#..........####.####
##.##...##.......# #.#
##.##.#.###.#.#..# #.#
......#...#.#....####.#
##.####.#.#.#.##...##.#
##...............#.##.###
......#.........JJ......#
#####.#..####...@J.>###.#
#####.#..##......J...##.#
......#..##...#########.###
#........##...#.......#...#
##.......##...#.#...#.#.<##
#.##.#.......#.......#.######
##.##.#.##...)#..)....#......#
....#.#.####..#.......#.######
....#.#.......#.#...#.#.#


You could see a very large slime creature and 3 slime creatures.

Vanquished Creatures
  Saint Roka (Orc:1)
  Jorgrun (Orc:1)
  Rupert (D:13)
  Donald (Orc:2)
  An eleionoma (Lair:3)
  Snorg (D:12)
  A hydra (Lair:5)
  An ogre mage (D:13)
  2 catoblepae
  2 boulder beetles (D:13)
  A centaur warrior (D:14)
  A deep troll shaman (Lair:5)
  9 two-headed ogres
  7 death yaks
  2 orc high priests (Orc:2)
  A skyshark (Lair:3)
  2 deep elf pyromancers (Orc:1)
  2 orc knights
  2 lindwurms
  5 cyclopes
  2 manticores (D:12)
  Maurice (Orc:2)
  3 orc sorcerers
  A guardian serpent (D:11)
  13 kobold blastminers
  A water nymph (Orc:2)
  An eye of devastation (Lair:4)
  10 elephants
  A torpor snail (Lair:5)
  A rust devil (D:11)
  2 black mambas
  11 cane toads
  2 gargoyles
  4 kobold demonologists (D:13)
  12 komodo dragons
  Jeremiah (D:8)
  6 trolls
  A glass eye (Lair:4)
  21 blink frogs
  6 dream sheep (Lair:3)
  A snapping turtle (Orc:2)
  A shadow (D:6)
  5 wyverns
  5 slime creatures
  2 ynoxinuls (D:11)
  2 vampires
  A wraith (D:12)
  6 basilisks
  46 yaks
  2 redbacks (Lair:2)
  3 wargs
  2 acid dragons (D:13)
  8 water moccasins
  33 orc warriors
  A swamp drake (Orc:1)
  8 black bears
  An ice beast (D:7)
  16 wolves
  14 ogres
  5 centaurs
  A phantom (D:3)
  6 kobold brigands
  13 bullfrogs
  A gnoll sergeant (D:11)
  4 scorpions
  12 wights
  10 killer bees
  4 howler monkeys
  2 bombardier beetles
  A crimson imp (Orc:1)
  7 hounds
  20 orc priests
  3 jellies
  An iron imp (Orc:1)
  A sleepcap (D:8)
  5 iguanas
  30 orc wizards
  7 gnolls
  5 adders
  2 shadow imps
  4 white imps
  2 ufetubi (D:6)
  2 dart slugs (D:1)
  2 ribbon worms
  105 orcs
  12 ball pythons
  5 endoplasms
  2 giant cockroaches
  5 goblins
  3 hobgoblins
  4 jackals (D:3)
  40 kobolds
  3 quokkas
  2 bats (D:1)
  2 frilled lizards
634 creatures vanquished.

Vanquished Creatures (others)
  An orc wizard (Orc:2)
1 creature vanquished.

Grand Total: 635 creatures vanquished

Notes
Turn   | Place    | Note
-------+----------+-------------------------------------------
     0 | D:1      | rumiru the Human Wanderer began the quest for the Orb.
     0 | D:1      | rumiru set off with the following items: a +2 mace, a +0
                  | spear, a wand of flame (5), a scroll of fear, a +0 robe.
     0 | D:1      | Reached XP level 1. HP: 16/16 MP: 2/2
   283 | D:1      | Reached XP level 2. HP: 22/22 MP: 3/3
   966 | D:2      | Reached skill level 1 in Throwing
   966 | D:2      | Reached XP level 3. HP: 8/27 MP: 4/4
  1581 | D:3      | Found a runed translucent gate.
  1581 | D:3      | Found a runed translucent gate.
  1582 | D:3      | Found a runed translucent gate.
  1583 | D:3      | Noticed justen's ghost (amateur CoAr)
  1584 | D:3      | Noticed a kobold brigand
  1785 | D:3      | Found an opulent altar of Gozag.
  1791 | D:3      | Reached XP level 4. HP: 33/33 MP: 5/5
  1809 | D:3      | Became a worshipper of Gozag Ym Sagoz the Greedy
  1851 | D:3      | Found a broken altar of Ashenzari.
  1865 | D:3      | Found a glowing golden altar of the Shining One.
  2099 | D:3      | Reached skill level 5 in Maces & Flails
  2468 | D:3      | Found an ornate altar of the Wu Jian Council.
  2724 | D:4      | Noticed an ogre
  2940 | D:4      | Noticed a phantom
  2960 | D:3      | Reached XP level 5. HP: 35/38 MP: 4/6
  2984 | D:3      | Killed a phantom
  3013 | D:3      | Reached XP level 6. HP: 44/44 MP: 7/7
  3498 | D:4      | Found Ubliur's Antique Armour Boutique.
  3635 | D:4      | Noticed a black bear
  3655 | D:4      | Killed a black bear
  3656 | D:4      | Reached XP level 7. HP: 38/50 MP: 5/8
  4488 | D:4      | Bought a pair of scorched gloves for 228 gold pieces
  4488 | D:4      | Identified the +0 pair of gloves of Forking Paths {rPois
                  | rC+++ Will+ Str-2} (You bought it in a shop on level 4 of
                  | the Dungeon)
  4532 | D:5      | Entered Level 5 of the Dungeon
  4902 | D:5      | Reached XP level 8. HP: 56/56 MP: 9/9
  5009 | D:4      | Bought a shiny helmet for 180 gold pieces
  5310 | D:5      | Found a staircase to the Ecumenical Temple.
  6563 | D:6      | Noticed a shadow
  6577 | D:6      | Killed a shadow
  6578 | D:6      | Reached skill level 5 in Fighting
  6578 | D:6      | Reached XP level 9. HP: 57/68 MP: 7/10
  6920 | D:6      | Found a basalt altar of Yredelemnul.
  7381 | D:7      | Found a bloodstained altar of Trog.
  7448 | D:7      | Reached skill level 10 in Maces & Flails
  8296 | D:8      | Found a hide-covered altar of Uskayaw.
  8330 | D:7      | Reached XP level 10. HP: 65/79 MP: 8/11
  8694 | D:8      | Noticed a two-headed ogre
  8695 | D:8      | Noticed Jeremiah
  8749 | D:8      | Found Jiwavir's Jewellery Emporium.
  9231 | D:8      | Killed a two-headed ogre
  9497 | D:8      | Identified the beast talisman "Pefog" {+Blink}
  9560 | D:8      | Killed Jeremiah
 10032 | D:4      | Bought a pair of embroidered gloves for 180 gold pieces
 10459 | D:9      | Identified the +6 falchion of Famel {heavy, *Noise rN+
                  | Int+3}
 10630 | D:9      | Found a hazy altar of Hepliaklqana.
 10668 | D:9      | Noticed a tengu warrior
 10780 | D:9      | Found a shimmering altar of Xom.
 10809 | D:9      | Found a staircase to the Lair.
 10824 | D:9      | Reached XP level 11. HP: 66/84 MP: 12/12
 11247 | D:10     | Entered Level 10 of the Dungeon
 11298 | D:10     | Found a white marble altar of Elyvilon.
 11590 | D:10     | Reached skill level 5 in Throwing
 11590 | D:10     | Reached skill level 5 in Evocations
 11866 | D:10     | Found a sparkling altar of Nemelex Xobeh.
 11963 | D:10     | Noticed a two-headed ogre
 11967 | D:10     | Killed a two-headed ogre
 11990 | D:10     | Noticed a two-headed ogre
 12014 | D:10     | Killed a two-headed ogre
 12456 | D:10     | Found Nyretop's Magic Scroll Emporium.
 12463 | D:10     | Bought a scroll of silence for 123 gold pieces
 12463 | D:10     | Bought a scroll of enchant armour for 97 gold pieces
 12864 | Lair:1   | Entered Level 1 of the Lair of Beasts
 13292 | Lair:1   | Identified the +5 mace "Dragonbane" {flame, rCorr Int+3}
 13881 | Lair:2   | Reached XP level 12. HP: 80/97 MP: 13/13
 14037 | Lair:2   | Reached skill level 10 in Fighting
 14179 | Lair:2   | Reached skill level 1 in Armour
 14179 | Lair:2   | Reached skill level 1 in Dodging
 14431 | Lair:2   | Found a hole to the Spider Nest.
 15624 | Lair:3   | Reached skill level 5 in Armour
 15624 | Lair:3   | Reached skill level 5 in Dodging
 16011 | Lair:3   | Noticed an eleionoma
 16018 | Lair:3   | Killed an eleionoma
 16019 | Lair:3   | Reached XP level 13. HP: 103/103 MP: 14/14
 16320 | Lair:3   | Found a transporter.
 16322 | Lair:3   | Noticed DeathSocks's ghost (journeyman DsGl)
 16343 | Lair:3   | Found a transporter.
 16569 | Lair:3   | Found a staircase to the Swamp.
 16677 | Lair:3   | Found a snail-covered altar of Cheibriados.
 17483 | Lair:4   | Found a staircase to the Slime Pits.
 17488 | Lair:4   | Found a viscous altar of Jiyva.
 18706 | Lair:5   | Entered Level 5 of the Lair of Beasts
 20016 | Lair:5   | Reached XP level 14. HP: 104/120 MP: 15/15
 21075 | Lair:5   | Identified the +10 trident "Yrij" {flame, Dex+4}
 21490 | D:11     | Found Kischap's Antique Weapon Shop.
 22671 | D:11     | Gained mutation: You have a pair of small horns on your
                  | head. [a neqoxec]
 22674 | D:10     | Lost mutation: You have a pair of small horns on your head.
                  | [potion of mutation]
 22674 | D:10     | Gained mutation: You are partially covered in iridescent
                  | scales. (AC +2) [potion of mutation]
 23031 | D:11     | Found a staircase to the Orcish Mines.
 23248 | Orc:1    | Entered Level 1 of the Orcish Mines
 23276 | Orc:1    | Found Seaheont's Magic Scroll Boutique.
 23285 | Orc:1    | Bought a scroll of fear for 60 gold pieces
 23285 | Orc:1    | Bought a scroll of teleportation for 45 gold pieces
 23744 | Orc:1    | Noticed gimp's ghost (journeyman BaEE)
 23767 | Orc:1    | Found a transporter.
 23791 | Orc:1    | Found a one-way gate to the infinite horrors of the Abyss.
 24001 | Orc:1    | Found a transporter.
 24236 | Orc:2    | Entered Level 2 of the Orcish Mines
 24236 | Orc:2    | Noticed Jorgrun
 24309 | Orc:2    | Found a staircase to the Elven Halls.
 24564 | Orc:1    | Killed Jorgrun
 25340 | Orc:2    | Noticed Nessos
 25341 | Orc:2    | Nessos changed into Nessos the water nymph
 25341 | Orc:2    | Noticed Nessos
 25425 | Orc:2    | Killed Nessos the water nymph
 25943 | Orc:2    | Found a roughly hewn altar of Beogh.
 25961 | Orc:2    | Reached skill level 10 in Armour
 25961 | Orc:2    | Reached skill level 10 in Dodging
 26071 | Orc:2    | Found a roughly hewn altar of Beogh.
 26181 | Orc:2    | Noticed Donald
 26207 | Orc:2    | Killed Donald
 26517 | Orc:2    | Noticed Maurice
 26536 | Orc:2    | Maurice stole 464 gold
 26547 | Orc:2    | Killed Maurice
 27694 | Orc:2    | Found a roughly hewn altar of Beogh.
 27716 | Orc:2    | Reached XP level 15. HP: 72/120 MP: 16/16
 27936 | Orc:2    | Noticed Saint Roka
 28269 | Orc:2    | Found Jiruproj's Antique Armour Shop.
 29069 | Orc:2    | Found Luaw's Antique Armour Boutique.
 29070 | Orc:2    | Found a roughly hewn altar of Beogh.
 29071 | Orc:2    | Found Kuloh's Antique Weapon Shop.
 29120 | Orc:2    | Found Jarole's General Store.
 29292 | Orc:2    | Found a roughly hewn altar of Beogh.
 29373 | Orc:2    | Found Gypreve's Antique Weapon Shop.
 29917 | Orc:2    | Bought a bloodstained helmet for 399 gold pieces
 29917 | Orc:2    | Identified the +2 helmet "Enonkiop" {-Tele rN++ Will+
                  | Dex+3} (You bought it in a shop on level 2 of the Orcish
                  | Mines)
 29917 | Orc:2    | Bought a pair of polished boots for 399 gold pieces
 29917 | Orc:2    | Identified the +0 pair of boots of Uskayaw's Wrath {Rampage
                  | Regen+ Str-3} (You bought it in a shop on level 2 of the
                  | Orcish Mines)
 30111 | D:9      | Bought a distressingly furry ring mail for 216 gold pieces
 30111 | D:9      | Identified the +0 ring mail of Activism {Will+} (You bought
                  | it in a shop on level 9 of the Dungeon)
 30111 | D:9      | Bought a polished leather armour for 168 gold pieces
 30111 | D:9      | Identified the +3 leather armour "Bodiraok" {rElec rF+
                  | Int+2 Stlth+} (You bought it in a shop on level 9 of the
                  | Dungeon)
 30111 | D:9      | Bought a shimmering ring mail for 216 gold pieces
 30111 | D:9      | Identified the +1 ring mail of Tartarus {Regen+} (You
                  | bought it in a shop on level 9 of the Dungeon)
 30164 | D:9      | Bought 4 curare-tipped darts for 76 gold pieces
 30405 | Orc:1    | HP: 2/120 [Saint Roka/divine providence (11)]
 30491 | Orc:1    | Killed Saint Roka
 31473 | D:12     | Noticed Snorg
 31503 | D:12     | Killed Snorg
 31637 | D:13     | Reached skill level 1 in Shields
 32114 | D:13     | Found a gate to the Vaults.
 32338 | D:13     | Identified the maw talisman of Ru's Inspiration {rCorr
                  | MP+9}
 32338 | D:13     | Noticed Rupert
 32396 | D:13     | Paralysed by Rupert for 5 turns
 32452 | D:13     | Killed Rupert
 32846 | D:14     | Found Goff's Book Shop.
 32893 | D:13     | HP: 6/126 [very large slime creature (46)]
 32893 | D:13     | Mangled by a slime creature

Illustrated notes

Levels and vault maps discovered:
D:1:      mainiacjoe_arrival_reflecting_pool, layout_basic, minivault_14
D:2:      layout_basic
D:3:      layout_loops_ring, nicolae_wu_jian_immortal_techniques,
          mainiacjoe_overflow_catwalk_spiral, grunt_gozag_breadcrumbs,
          gammafunk_ghost_nasty_kobolds
D:4:      layout_basic, serial_shops, nicolae_shop_real_fake_doors
D:5:      layout_basic, minmay_temple_entry_antechambers,
          minmay_a_box_with_orc_wizards_in_it
D:6:      layout_rooms, yredelemnul_altar_generic
D:7:      layout_cave_pools, nicolae_overflow_hidden_temple
D:8:      layout_cave_pools, lemuel_crystal_altar, serial_shops,
          nicolae_shop_window_shopping, nicolae_wwwww, uniq_jeremiah
D:9:      layout_gridville, mainiacjoe_overflow_six_doors_small,
          mainiacjoe_overflow_surrounded_room, lair_entry_dummy,
          item_on_display_a
D:10:     layout_roguey, mainiacjoe_overflow_concentric_impassable,
          nemelex_spade_bored_becter, serial_shops, shop
D:11:     layout_cross, erik_orc_2, serial_shops, nicolae_shop_statue_plus,
          serial_demonic, serial_demonic_g, serial_demonic_a, serial_demonic_g,
          serial_demonic_e, serial_demonic_f, nrook_guardian_serpent_double
D:12:     layout_cave_pools, uniq_snorg
D:13:     layout_basic, david_vaults_2, kennysheep_small_square, uniq_rupert
D:14:     minmay_blocking_statues, layout_long_grid, serial_shops,
          nicolae_stop_n_shop_2, nzn_hepliaklqana_mist_gate
Lair:1:   layout_cave_pods, infiniplex_staircase_pool
Lair:2:   layout_hall_layers, spider_nest_entry_rubble, minivault_25
Lair:3:   layout_small_grid, alex1729_swamp_entry_worm_eleionoma,
          gammafunk_ghost_berserking_beasts, st_stairs_7, lemuel_centaur_altar
Lair:4:   layout_regular_city, minmay_slime_entry_eyes, serial_bayou_shore_b
Lair:5:   grunt_lair_end_beastmaster, layout_hall_layers, minivault_24,
          kennysheep_basilisk_garden
Orc:1:    layout_caves, gammafunk_ghost_abyssal_escape, serial_shops, shop,
          hangedman_minor_magic
Orc:2:    grunt_orc_community_town_hall, layout_diamond_mine,
          grunt_orc_community_big_house_2, grunt_orc_community_big_house_1,
          grunt_orc_community_house_2, grunt_orc_community_house_2,
          grunt_orc_community_house_2, grunt_orc_community_house_2,
          serial_shops, nicolae_shop_trees, nicolae_orc_quarried_blocks,
          uniq_jorgrun, uniq_nessos, uniq_donald, uniq_maurice

Skill      XL: |  1  2  3  4  5  6  7  8  9 10 11 12 13 14 15 |
---------------+----------------------------------------------+-----
Throwing       | 1 2 3 4 6 |  6.0
Maces & Flails | 5 6 7 9 11 14 | 14.0
Evocations     | 3 4 7 8 |  8.0
Fighting       | 5 7 9 10 14 | 14.0
Armour         | 7 10 11 | 11.8
Dodging        | 6 7 10 11 | 11.8
Shields        | 4 |  4.3
Polearms       | |  1.0
Spellcasting   | |  1.0

Action                     |  1- 3 |  4- 6 |  7- 9 | 10-12 | 13-15 || total
---------------------------+-------+-------+-------+-------+-------++-------
  Melee: Mace              |    71 |   123 |   185 |       |    30 ||   409
         Dire flail        |       |       |   203 |   825 |  1501 ||  2529
         Morningstar       |       |       |       |       |   239 ||   239
  Throw: Dart              |       |    13 |    23 |    48 |    87 ||   171
         Javelin           |       |       |     3 |     2 |       ||     5
 Invoke: Potion Petition   |       |       |       |       |     4 ||     4
         Call Merchant     |       |       |       |       |     3 ||     3
  Evoke: Wand              |     1 |     1 |     4 |    10 |    18 ||    34
         Lightning rod     |       |       |       |     4 |     7 ||    11
    Use: Scroll            |     1 |       |     4 |    12 |     9 ||    26
         Potion            |       |       |       |       |     4 ||     4
   Stab: Sleeping          |     2 |       |       |       |       ||     2
         Paralysed         |       |     1 |     5 |       |     6 ||    12
         Distracted        |       |       |       |     1 |     4 ||     5
         Petrified         |       |       |       |       |    12 ||    12
         Invisible         |       |       |       |       |     3 ||     3
 Armour: Robe              |    45 |    14 |       |       |       ||    59
         Ring mail         |       |    54 |   215 |   277 |   596 ||  1142
         Fire dragon scale |       |       |       |       |   124 ||   124
  Dodge: Dodged            |    45 |   108 |   255 |   368 |  1078 ||  1854
  Block: Other             |       |       |       |    80 |   258 ||   338
         Reflection        |       |       |       |       |    23 ||    23
         Kite shield       |       |       |       |       |   165 ||   165

Table legend: (Time is in decaauts)
 A = Elapsed time spent in this place.
 B = Non-inter-level travel time spent in this place.
 C = Inter-level travel time spent in this place.
 D = Time resting spent in this place.
 E = Time spent auto-exploring this place.
 F = Levels seen in this place.
 G = Mean time per level.
                   A        B        C        D        E       F      G
               +--------+--------+--------+--------+--------+-----+--------+
         Total |  32010 |  29299 |   2711 |   6354 |  15854 |  21 | 1524.3 |
       Dungeon |  16853 |  14970 |   1883 |   2769 |   8371 |  14 | 1203.8 |
          Lair |   8148 |   7847 |    301 |   1225 |   4949 |   5 | 1629.6 |
  Orcish Mines |   7008 |   6482 |    526 |   2360 |   2534 |   2 | 3504.0 |
               +--------+--------+--------+--------+--------+-----+--------+

Top non-repeatable levels by time:
   Orc:1: 4083 daAuts
   Orc:2: 2925 daAuts
  Lair:5: 2276 daAuts
    D:10: 2133 daAuts
     D:4: 1922 daAuts
     D:5: 1797 daAuts
  Lair:3: 1692 daAuts
  Lair:4: 1673 daAuts
  Lair:2: 1542 daAuts
    D:11: 1461 daAuts
     D:8: 1361 daAuts
     D:3: 1318 daAuts
     D:9: 1273 daAuts
    D:13: 1227 daAuts
     D:6: 1103 daAuts
